 Dungeon Crawl Stone Soup version 0.24.0-123-gd5b16e6ec5 (webtiles) character file.

Game seed: 15157954067270618013, levelgen mode: deterministic

26765 kuniqs the Thaumaturge (level 13, -1/70 HPs)
             Began as a Deep Elf Wizard on Dec 21, 2019.
             Was a High Priest of Vehumet.
             Slain by a spectral crocodile (12 damage)
             ... called from beyond by a ghost crab
             ... in a Gauntlet.
             The game lasted 00:30:25 (18423 turns).

kuniqs the Thaumaturge (Deep Elf Wizard)           Turns: 18423, Time: 00:30:26

Health: -1/70      AC:  7    Str:  4    XL:     13   Next: 0%
Magic:  42/42      EV: 16    Int: 29    God:    Vehumet [*****.]
Gold:   609        SH: 10    Dex: 22    Spells: 18/41 levels left

rFire    . . .     SeeInvis .   y - staff of earth (curse)
rCold    . . .     Gourm    .   x - +0 shield
rNeg     . . .     Faith    .   a - +0 robe
rPois    .         Spirit   .   r - +2 hat
rElec    .         Reflect  .   u - +0 cloak
rCorr    .         Harm     .   G - +1 pair of gloves {Dex+3}
MR       +....     NoTele   +   (no boots)
Stlth    ++++......             (no amulet)
HPRegen  0.21/turn              P - +6 ring of dexterity
MPRegen  0.28/turn              z - ring of magical power

@: no status effects
A: no striking features
a: Renounce Religion


You were in a Gauntlet.
You worshipped Vehumet.
Vehumet was extremely pleased with you.
You were near starving.

You visited 3 branches of the dungeon, and saw 15 of its levels.
You also visited: Gauntlet.

You collected 822 gold pieces.
You spent 213 gold pieces at shops.

Inventory:

Hand Weapons
 A - the cursed +0 hand axe of the Throat {holy, *Rage rElec rPois Stlth+}
   (You found it on level 6 of the Dungeon)

   It has been blessed by the Shining One to cause great damage to the undead
   and demons.
   It insulates you from electricity.
   It protects you from poison.
   It may make you go berserk in combat.
   It makes you more stealthy.
   It has a curse placed upon it.
Missiles
 c - 143 stones (quivered)
Armour
 a - a +0 robe (worn)
 r - a +2 hat (worn)
 u - a +0 cloak (worn)
 x - a +0 shield (worn)
 G - a +1 pair of gloves of dexterity (worn)
Magical Staves
 y - a cursed staff of earth (weapon)
Jewellery
 h - an uncursed ring of fire
 i - an uncursed ring of ice
 z - a ring of magical power (right hand)
 P - a +6 ring of dexterity (left hand)
Wands
 m - a wand of random effects (40)
 D - a wand of iceblast (30)
 I - a wand of digging (5)
 N - a wand of disintegration (11)
Scrolls
 g - 5 scrolls of remove curse {@r2}
 j - 2 scrolls of enchant weapon
 l - 4 scrolls of fog
 q - 4 scrolls of fear
 s - 2 scrolls of amnesia
 v - a scroll of blinking
 w - 11 scrolls of teleportation
 E - 2 scrolls of holy word
 F - a scroll of immolation
 L - a scroll of enchant armour
 O - a scroll of summoning
Potions
 b - 2 potions of berserk rage
 e - 5 potions of lignification
 f - 8 potions of curing {@q1}
 k - 2 potions of flight
 n - 3 potions of agility
 p - 3 potions of cancellation {unknown}
 t - 2 potions of heal wounds
 B - 2 potions of brilliance {unknown}
 C - a potion of mutation {unknown}
 H - a potion of haste {unknown}
 K - 3 potions of resistance {unknown}
Comestibles
 d - 23 rations


   Skills:
 - Level 4.0 Fighting
 - Level 6.0 Dodging
 - Level 8.0 Stealth
 + Level 7.4 Shields
 + Level 14.8 Spellcasting
 + Level 12.4 Conjurations
   Level 1.1 Summonings
 * Level 9.1 Necromancy
 - Level 1.1 Translocations
 - Level 4.0 Earth Magic


You had 18 spell levels left.
You knew the following spells:

 Your Spells              Type           Power        Failure   Level  Hunger
a - Bolt of Draining      Conj/Necr      ######....   1%          5    None
b - Sandblast             Erth           ######       1%          1    None
c - Static Discharge      Conj/Air       ######..     1%          3    None
d - Mephitic Cloud        Conj/Pois/Air  #####...     1%          3    None
e - Blink                 Tloc           N/A          6%          2    None
f - Conjure Flame         Conj/Fire      ######..     1%          3    None
g - Irradiate             Conj/Tmut      ######....   3%          5    None
h - Magic Dart            Conj           ####         1%          1    None

Your spell library contained the following spells:

 Spells                   Type           Power        Failure   Level  Hunger
 Regeneration             Chrm/Necr      #####.....   2%          3    None
 Infusion                 Chrm           ###.         6%          1    None
 Call Imp                 Summ           ####....     6%          2    None
 Shroud of Golubria       Chrm/Tloc      ###...       7%          2    None
 Slow                     Hex            ###.....     9%          2    None
 Song of Slaying          Chrm           ###.....     9%          2    None
 Spectral Weapon          Hex/Chrm       ###.....     19%         3    None
 Yara's Violent Unravell  Hex/Tmut       ###.......   38%         5    None
 Cause Fear               Hex            ###.......   52%         4    None
 Silence                  Hex/Air        ###.......   86%         5    None
 Deflect Missiles         Chrm/Air       ###.......   100%        6    ###....
 Discord                  Hex            ###.......   100%        8    ######.


Dungeon Overview and Level Annotations

Branches:
Dungeon (11/15)            Temple (1/1) D:4            Lair (3/6) D:10
  Snake (0/4) Lair:3          Orc (0/2) D:9         Gauntlet (1/1)
  Swamp: Lair:2-4    Shoals: Lair:2-4

Altars:
Cheibriados
Elyvilon
Fedhas
Gozag
Hepliaklqana
Kikubaaqudgha
Okawaru
Qazlal
Sif Muna
Uskayaw
Vehumet
Zin
The Shining One

Shops:
D:9 [   D:11 *

Annotations:
D:3 3 runed translucent doors, Kobolds4U's ghost, amateur DECj
D:10 1 transporter
Lair:2 3 runed translucent doors, exclusion: 2 oklob plants, Reachock's ghost, journeyman DEWz Gauntlet 11 transporters, 21 runed translucent doors


Message History

Aiming: Disintegrate
Press: ? - help, Shift-Dir - straight l ine, f/p - ghost crab
Aim: a ghost crab (spectral mist, moder ately damaged, chance to defeat MR: 48% )
The ghost crab resists with some effort .
You are engulfed in spectral mist.
The ghost crab breathes spectral mist a t you.
The spectral mist engulfs you but does no damage.
The spectral crocodile bites you!
* * * LOW HITPOINT WARNING * * *
Evoke which item? (* to show all) (? fo r menu, Esc to quit)
Aiming: Disintegrate
Press: ? - help, Shift-Dir - straight l ine, f/p - ghost crab
Aim: a ghost crab (spectral mist, moder ately damaged, chance to defeat MR: 48% )
The ghost crab is blasted!!
You are engulfed in spectral mist.
* * * LOW HITPOINT WARNING * * *
The ghost crab breathes spectral mist a t you.
The spectral mist engulfs you but does no damage.
The spectral crocodile bites you!
You die...

#≈.............≈.........
###∩...∩........≈8≈........
#8#≈.............≈.........
###..###########...########
#..#.........#...#..+..+u
###..#.#.#§#§#.#...#.^+..+G
#8#..#.☼#§#§#§!#####++#++##
###..#.#§#☼#§#?#...#..+...+
#.©#.§#§@Z#☼©#©.©#©.#...+
###..#.#☼#t#Z#=#...#..+...+
#8#..#.☼#☼#.#☼)#####++#++##
###..#.#.#.#.#.#...#.^+..+.
#..#........t#.8.#..+..+.
###..###########...########
#8#........................
###§.......................
#########################


You could see a ghost crab, a spectral sea snake and a spectral crocodile.

Vanquished Creatures
  Erolcha (D:11)
  Harold (D:11)
  3 hydras
  A two-headed ogre (D:11)
  A death yak (D:10)
  4 skeletal warriors (D:11)
  An unseen horror (D:10)
  An ugly thing (D:11)
  7 elephants
  A cyclops (D:11)
  3 centaur zombies
  Maurice (D:9)
  Joseph (D:8)
  A black mamba (Lair:2)
  4 spiny frogs
  A hornet (D:10)
  2 hippogriffs
  2 dream sheep (D:8)
  Sigmund (D:5)
  A vampire (D:10)
  30 yaks
  2 basilisks (D:10)
  Menkaure (D:5)
  A soldier ant (D:11)
  Duvessa (D:4)
  8 water moccasins
  7 porcupines
  4 orc warriors
  2 ice beasts
  3 phantoms
  A sky beast (D:8)
  A black bear (D:11)
  An eye of draining (D:11)
  10 wolves
  2 ogres
  3 crocodiles
  2 centaurs
  5 big kobolds
  A wyvern zombie (D:11)
  8 bullfrogs
  2 gnoll sergeants (D:5)
  Dowan (D:4)
  3 scorpions
  A wyvern skeleton (D:11)
  4 killer bees (D:8)
  A vampire bat (D:7)
  2 howler monkeys (D:9)
  5 wights (D:8)
  2 electric eels
  3 crimson imps
  3 jellies (D:11)
  Crazy Yiuf (D:4)
  5 hounds
  7 orc wizards
  A gnoll shaman (D:5)
  5 orc priests
  5 iguanas
  2 centaur skeletons
  9 worker ants
  24 gnolls
  10 adders
  3 shadow imps
  2 adder skeletons (D:8)
  2 dart slugs
  5 leopard geckos
  40 orcs
  A ball python (D:2)
  8 giant cockroaches
  8 goblins
  7 hobgoblins
  19 jackals
  22 kobolds
  5 quokkas
  12 bats
  3 rats
364 creatures vanquished.

Vanquished Creatures (collateral kills)
  A killer bee (D:8)
  A worker ant (D:5)
2 creatures vanquished.

Vanquished Creatures (others)
  14 demonic plants (Gauntlet)
  3 plants
17 creatures vanquished.

Grand Total: 383 creatures vanquished

Notes
Turn   | Place    | Note
-------+----------+-------------------------------------------
     0 | D:1      | kuniqs the Deep Elf Wizard began the quest for the Orb.
     0 | D:1      | Reached XP level 1. HP: 10/10 MP: 7/7
   350 | D:1      | Reached XP level 2. HP: 16/16 MP: 7/9
  1265 | D:2      | Reached XP level 3. HP: 20/20 MP: 2/11
  1335 | D:2      | Learned a level 2 spell: Blink
  1339 | D:2      | Learned a level 3 spell: Conjure Flame
  1343 | D:2      | Learned a level 3 spell: Mephitic Cloud
  1874 | D:2      | Reached skill level 1 in Fighting
  2145 | D:2      | Reached skill level 5 in Spellcasting
  2145 | D:2      | Reached XP level 4. HP: 15/25 MP: 0/13
  2665 | D:3      | Found an opulent altar of Gozag.
  3577 | D:3      | Reached XP level 5. HP: 27/29 MP: 0/14
  4170 | D:3      | Found a runed translucent gate.
  4171 | D:3      | Found a runed translucent gate.
  4171 | D:3      | Found a runed translucent gate.
  4173 | D:3      | Noticed Kobolds4U's ghost (amateur DECj)
  4338 | D:4      | Found an iron altar of Okawaru.
  4489 | D:4      | Reached XP level 6. HP: 35/35 MP: 7/16
  4777 | D:4      | Found a runed translucent door.
  4778 | D:4      | Noticed Crazy Yiuf
  4793 | D:4      | HP: 1/35 [Crazy Yiuf/+2 quarterstaff of chaos (6)]
  4795 | D:4      | Killed Crazy Yiuf
  5110 | D:4      | Found a staircase to the Ecumenical Temple.
  5119 | Temple   | Entered the Ecumenical Temple
  5141 | Temple   | Became a worshipper of Vehumet
  5220 | D:4      | Noticed Dowan
  5251 | D:4      | Noticed Duvessa
  5255 | D:4      | Killed Dowan
  5474 | D:4      | Killed Duvessa
  5474 | D:4      | Reached skill level 6 in Spellcasting
  5765 | D:4      | Reached XP level 7. HP: 40/40 MP: 5/18
  5882 | D:4      | Reached skill level 5 in Stealth
  6432 | D:5      | Entered Level 5 of the Dungeon
  6442 | D:5      | Noticed Sigmund
  6830 | D:5      | Killed Sigmund
  6830 | D:5      | Reached skill level 5 in Dodging
  6983 | D:5      | Reached * piety under Vehumet
  6983 | D:5      | Offered knowledge of Sandblast by Vehumet.
  6986 | D:5      | Learned a level 1 spell: Sandblast
  7312 | D:5      | Noticed Menkaure
  7414 | D:5      | Killed Menkaure
  7414 | D:5      | Reached skill level 7 in Spellcasting
  7414 | D:5      | Reached skill level 1 in Earth Magic
  7414 | D:5      | Reached XP level 8. HP: 46/46 MP: 20/20
  8098 | D:6      | Reached skill level 5 in Conjurations
  8105 | D:6      | Offered knowledge of Sting by Vehumet.
  8189 | D:6      | Reached ** piety under Vehumet
  8432 | D:6      | Got an ichor-stained hand axe
  8455 | D:5      | Identified the cursed +0 hand axe of the Throat {holy,
                  | *Rage rElec rPois Stlth+} (You found it on level 6 of the
                  | Dungeon)
  8571 | D:6      | Found a hazy altar of Hepliaklqana.
  9185 | D:7      | Reached XP level 9. HP: 52/52 MP: 22/22
  9239 | D:7      | Offered knowledge of Inner Flame by Vehumet.
  9787 | D:7      | Reached skill level 8 in Spellcasting
 10132 | D:8      | Reached *** piety under Vehumet
 10135 | D:8      | Reached skill level 9 in Spellcasting
 10365 | D:8      | Noticed a three-headed hydra
 10369 | D:8      | Killed a three-headed hydra
 10369 | D:8      | Reached skill level 10 in Spellcasting
 10509 | D:8      | Found a blossoming altar of Fedhas.
 10541 | D:8      | Reached XP level 10. HP: 56/56 MP: 26/26
 10678 | D:8      | Noticed Joseph
 11164 | D:8      | Offered knowledge of Static Discharge by Vehumet.
 11169 | D:8      | Learned a level 3 spell: Static Discharge
 11273 | D:8      | Reached skill level 1 in Shields
 11596 | D:8      | Killed Joseph
 11596 | D:8      | Reached skill level 11 in Spellcasting
 12206 | D:9      | Noticed Maurice
 12212 | D:9      | Killed Maurice
 12427 | D:9      | Reached **** piety under Vehumet
 12552 | D:9      | Found a staircase to the Orcish Mines.
 12592 | D:9      | Found Golorrif's Armour Shoppe.
 12610 | D:9      | Bought a +1 pair of gloves of dexterity for 198 gold pieces
 12946 | D:10     | Entered Level 10 of the Dungeon
 12957 | D:10     | Offered knowledge of Irradiate by Vehumet.
 12963 | D:10     | Reached skill level 12 in Spellcasting
 12973 | D:10     | Learned a level 5 spell: Irradiate
 13045 | D:10     | Noticed an elephant
 13202 | D:10     | Found a staircase to the Lair.
 13203 | D:10     | Noticed a death yak
 13270 | D:10     | Reached skill level 10 in Conjurations
 13283 | D:10     | Killed an elephant
 13284 | D:10     | Reached XP level 11. HP: 53/61 MP: 29/29
 13519 | D:10     | Found a transporter.
 13546 | D:10     | Killed an unseen horror
 13787 | D:10     | Killed a death yak
 14211 | D:11     | Found Biuh's General Store.
 14232 | D:11     | Bought a potion of degeneration for 15 gold pieces
 14270 | D:11     | Noticed a green ugly thing
 14279 | D:11     | Killed a green ugly thing
 14279 | D:11     | Reached skill level 5 in Shields
 14449 | D:11     | Reached skill level 13 in Spellcasting
 14795 | D:11     | Noticed a two-headed ogre
 14806 | D:11     | Killed a two-headed ogre
 14848 | D:11     | Noticed Erolcha
 14857 | D:11     | Killed Erolcha
 14857 | D:11     | Reached ***** piety under Vehumet
 14868 | D:11     | Offered knowledge of Bolt of Draining by Vehumet.
 14876 | D:11     | Learned a level 5 spell: Bolt of Draining
 14911 | D:11     | Reached skill level 1 in Necromancy
 15024 | D:11     | Noticed a skeletal warrior
 15024 | D:11     | Noticed a skeletal warrior
 15042 | D:11     | Noticed a skeletal warrior
 15044 | D:11     | Noticed a skeletal warrior
 15045 | D:11     | Killed a skeletal warrior
 15052 | D:11     | Killed a skeletal warrior
 15089 | D:11     | Killed a skeletal warrior
 15215 | D:11     | Killed a skeletal warrior
 15215 | D:11     | Reached XP level 12. HP: 49/66 MP: 16/31
 15468 | D:11     | Noticed Harold
 15483 | D:11     | Killed Harold
 15683 | D:11     | Reached skill level 14 in Spellcasting
 15683 | D:11     | Reached skill level 5 in Necromancy
 15950 | Lair:1   | Entered Level 1 of the Lair of Beasts
 16372 | Lair:1   | Noticed a four-headed hydra
 16376 | Lair:1   | Killed a four-headed hydra
 16780 | Lair:1   | Noticed an eight-headed hydra
 16783 | Lair:1   | Killed an eight-headed hydra
 16836 | Lair:1   | Got a translucent buckler
 16837 | Lair:1   | Identified the cursed +0 buckler "Podilot" {rN+} (You found
                  | it on level 1 of the Lair of Beasts)
 17807 | Lair:2   | Found a stormy altar of Qazlal.
 17950 | Lair:2   | Found a runed translucent gate.
 17951 | Lair:2   | Found a runed translucent gate.
 17980 | Lair:2   | Found a runed translucent gate.
 17980 | Lair:2   | Noticed Reachock's ghost (journeyman DEWz)
 17981 | Lair:2   | Noticed a 13-headed hydra
 18092 | Lair:3   | Reached XP level 13. HP: 70/70 MP: 19/33
 18185 | Lair:3   | Found a gate leading to a gauntlet.
 18195 | Gauntlet | Entered a Gauntlet
 18195 | Gauntlet | Found a transporter.
 18195 | Gauntlet | Found a transporter.
 18196 | Gauntlet | Found a transporter.
 18199 | Gauntlet | Found a transporter.
 18199 | Gauntlet | Found a transporter.
 18201 | Gauntlet | Found a large runed translucent door.
 18202 | Gauntlet | Found a large runed translucent door.
 18203 | Gauntlet | Found a large runed translucent door.
 18203 | Gauntlet | Found a large runed translucent door.
 18203 | Gauntlet | Found a runed translucent door.
 18204 | Gauntlet | Found a large runed translucent door.
 18210 | Gauntlet | Found a transporter.
 18216 | Gauntlet | Found a transporter.
 18224 | Gauntlet | Found a large runed translucent door.
 18225 | Gauntlet | Found a large runed translucent door.
 18226 | Gauntlet | Found a large runed translucent door.
 18227 | Gauntlet | Found a runed translucent gate.
 18229 | Gauntlet | Found a transporter.
 18230 | Gauntlet | Found the cursed necklace of Bloodlust {*Rage +Rage MR++
                  | Int-3 Slay+6 *Curse}
 18251 | Gauntlet | Found a transporter.
 18269 | Gauntlet | Found a transporter.
 18277 | Gauntlet | Found a transporter.
 18339 | Gauntlet | Found a large runed translucent door.
 18340 | Gauntlet | Found a large runed translucent door.
 18341 | Gauntlet | Found a large runed translucent door.
 18341 | Gauntlet | Found a large runed translucent door.
 18341 | Gauntlet | Found a runed translucent door.
 18342 | Gauntlet | Found a large runed translucent door.
 18343 | Gauntlet | Found a large runed translucent door.
 18344 | Gauntlet | Found a large runed translucent door.
 18344 | Gauntlet | Found a large runed translucent door.
 18345 | Gauntlet | Found a runed translucent gate.
 18345 | Gauntlet | Found a runed translucent gate.
 18347 | Gauntlet | Found a transporter.
 18423 | Gauntlet | Slain by a spectral crocodile

Levels and vault maps discovered:
D:1:      dpeg_arrival_ternary, layout_basic, minmay_unequal
D:2:      layout_basic, cheibrodos_gnoll_hut
D:3:      layout_loops_corners, grunt_gozag_statues, ebering_ghost_rock_garden,
          serial_co_window_serial, co_window_corner_a, co_window_corner_a,
          co_window_of_opportunity_a, co_window_of_opportunity_a,
          co_window_paths_a, co_window_paths_c, co_window_unsneaky_path_e,
          co_window_of_opportunity_c, co_window_4corner_a, glass_columns_b,
          glass_columns_a, glass_columns_b
D:4:      layout_gridville, lemuel_crystal_altar, lemuel_temple_firewalk_b,
          first_ration, uniq_duvessa, uniq_crazy_yiuf_cottage
D:5:      layout_loops_cross, uniq_sigmund, uniq_menkaure
D:6:      layout_basic, kennysheep_mini_moat
D:7:      layout_basic, roderic_batcave
D:8:      layout_basic, nicolae_overflow_crystal_walls, hangedman_ranch
          [blue_anna_fruit_fields], uniq_joseph
D:9:      layout_basic, orc_david_3, uniq_maurice
D:10:     gammafunk_jiyva_shrine, layout_loops_ring, david_lair_generic,
          chequers_serial_rivers_large_b
D:11:     layout_loops_ring, serial_shops, shop, uniq_erolcha, uniq_harold
Temple:   regret_index_temple_mists
Lair:1:   layout_cave_shapes, infiniplex_staircase_pool_2
Lair:2:   layout_misc_corridors, gammafunk_ghost_hydra_chop, basic_altar,
          minmay_lair_oklob_chamber, infiniplex_staircase_pool
Lair:3:   layout_chaotic_city, minmay_snake_entry_guardpost_large,
          gauntlet_entry_generic, grunt_megastairs_3
Gauntlet: gammafunk_gauntlet_shortcut [gammafunk_gauntlet_arena_grid,
          minmay_gauntlet_arena_make_your_own_arena,
          gammafunk_gauntlet_arena_split_diamond,
          gammafunk_gauntlet_arena_arrow_garden, nicolae_gauntlet_arena_t_cross,
          nicolae_gauntlet_arena_quarters, gauntlet_exit_hidden_loot]

Skill      XL: |  1  2  3  4  5  6  7  8  9 10 11 12 |
---------------+-------------------------------------+-----
Dodging        | 3 4 5 6 |  6.0
Stealth        | 3 4 5 6 8 |  8.0
Conjurations   | 2 3 4 5 8 10 11 12 | 12.4
Fighting       | 1 2 3 4 |  4.0
Spellcasting   | 5 6 7 10 12 13 14 | 14.8
Earth Magic    | 1 4 |  4.0
Shields        | 4 6 7 |  7.4
Necromancy     | 4 9 |  9.1
Summonings     | |  1.1
Translocations | |  1.1

Action                   |  1- 3 |  4- 6 |  7- 9 | 10-12 | 13-15 || total
-------------------------+-------+-------+-------+-------+-------++-------
Melee: Short sword       |     1 |    22 |       |       |       ||    23
       Quarterstaff      |       |     5 |    17 |       |       ||    22
       Staff             |       |       |       |     2 |       ||     2
 Cast: Magic Dart        |    94 |   169 |   252 |   255 |       ||   770
       Conjure Flame     |     1 |     4 |     6 |    24 |       ||    35
       Mephitic Cloud    |     1 |     6 |    18 |    15 |       ||    40
       Blink             |     1 |     1 |     2 |       |       ||     4
       Sandblast         |       |       |    53 |   136 |       ||   189
       Static Discharge  |       |       |       |    20 |       ||    20
       Bolt of Draining  |       |       |       |   114 |     2 ||   116
Evoke: Wand              |       |     6 |     5 |       |     7 ||    18
  Use: Scroll            |     1 |       |     8 |    11 |       ||    20
       Potion            |       |       |       |     2 |       ||     2
 Stab: Confused          |       |       |     2 |       |       ||     2
  Eat: Chunk             |     3 |    12 |    14 |    19 |       ||    48
       Ration            |       |       |       |     1 |       ||     1
Armor: Robe              |     4 |    15 |    13 |    27 |       ||    59
Dodge: Dodged            |    18 |    46 |    66 |    44 |     4 ||   178
Block: Shield            |       |       |       |    34 |     1 ||    35
